 Dungeon Crawl Stone Soup version 0.29-a0-330-g52719c12eb (webtiles) character file.

Game seed: 15312310453074216160

82 tilp the Firebug (level 4, -2/36 HPs)
             Began as a Naga Fire Elementalist on May 2, 2022.
             Slain by Ijyb
             ... wielding a +0 club
              (5 damage)
             ... on level 3 of the Dungeon.
             The game lasted 00:04:01 (2829 turns).

tilp the Firebug (Naga Fire Elementalist)           Turns: 2829, Time: 00:04:02

Health: -2/36      AC:  3    Str: 10    XL:     4   Next: 43%
Magic:  2/8        EV:  9    Int: 18    God:
Gold:   80         SH:  0    Dex: 11    Spells: 5/8 levels left

rFire   . . .      SeeInvis +   b - +0 spear
rCold   . . .      Faith    .   (no shield)
rNeg    . . .      Spirit   .   g - +1 robe
rPois   +          Reflect  .   (no helmet)
rElec   .          Harm     .   (no cloak)
rCorr   .          Rampage  .   (no gloves)
Will    .....                   (no barding)
Stlth   +.........              d - amulet of the acrobat
HPRegen 0.12/turn               (no ring)
MPRegen 0.11/turn               (no ring)

@: confused, very slow
A: AC +1, large, see invisible, deformed body, poison resistance, slowness 2,
spit poison 1, naga tail 1
a: Spit Poison


You were on level 3 of the Dungeon.
You visited 1 branch of the dungeon, and saw 3 of its levels.

You collected 80 gold pieces.

Inventory:

Hand Weapons
 a - a +0 short sword
 b - a +0 spear (weapon)
Missiles
 f - 22 stones
 m - 7 poisoned darts (quivered)
Armour
 g - a +1 robe (worn)
Jewellery
 c - an amulet of faith
 d - an amulet of the acrobat (around neck)
Scrolls
 n - a scroll of enchant armour
 p - a scroll of blinking
 q - a scroll of fog {unknown}
Potions
 e - a potion of might
 h - 2 potions of heal wounds {unknown}
 i - 2 potions of ambrosia {unknown}
 j - a potion of curing {unknown}
 k - 2 potions of degeneration {unknown}
 l - a potion of attraction {unknown}
 o - a potion of magic


   Skills:
 - Level 1.5 Dodging
 - Level 3.0 Stealth
 + Level 2.9 Spellcasting
 + Level 2.4 Conjurations
 + Level 3.7 Fire Magic


You had 5 spell levels left.
You knew the following spells:

 Your Spells              Type           Power      Damage    Failure   Level
a - Foxfire               Conj/Fire      52%        2x1d6     4%          1
b - Scorch                Fire           32%        2d6       5%          2

Your spell library contained the following spells:

 Spells                   Type           Power      Damage    Failure   Level
 Conjure Flame            Conj/Fire      13%        6-21      14%         3
 Inner Flame              Hex/Fire       9%         N/A       22%         3
 Flame Wave               Conj/Fire      13%        2d6       41%         4


Dungeon Overview and Level Annotations

Branches:
Dungeon (3/15)

Altars:
Xom

Annotations:
D:3 Ijyb


Innate Abilities, Weirdness & Mutations

Your serpentine skin is tough. (AC +1)
You have supernaturally acute eyesight. (SInv)
Armour fits poorly on your strangely shaped body.
Your system is resistant to poisons. (rPois)
You cover ground very slowly.
You can spit poison.
You have a snake-like lower body.


Message History

Ijyb is moderately wounded.
Ijyb zaps a wand.
Your will is overpowered!
You are more confused.
Ijyb zaps a wand.
Your will is overpowered!
You are more confused.
The now-empty wand crumbles to dust.
You closely miss Ijyb.
Ijyb is moderately wounded.
Ijyb barely misses you.
Unknown command.
Unknown command.
You barely miss Ijyb.
Ijyb is moderately wounded.
Ijyb hits you but does no damage.
You bump into the rock wall.
Ijyb screams, "Get away!"
Ijyb hits you with a +0 club.
You're too confused to move!
Ijyb hits you with a +0 club.
Unknown command.
You bump into the rock wall.
Ijyb hits you but does no damage.
You miss Ijyb.
Ijyb is moderately wounded.
Ijyb hits you with a +0 club.
You bump into the rock wall.
Ijyb hits you but does no damage.
You hit Ijyb but do no damage.
Ijyb is moderately wounded.
Ijyb hits you with a +0 club!
You bump into the rock wall.
Ijyb hits you with a +0 club.
You hit Ijyb but do no damage.
Ijyb is moderately wounded.
Ijyb hits you with a +0 club!
* * * LOW HITPOINT WARNING * * *
You bump into the rock wall.
Ijyb hits you with a +0 club.
* * * LOW HITPOINT WARNING * * *
You're too confused to move!
Ijyb screams, "Me very upset!"
Ijyb hits you with a +0 club.
* * * LOW HITPOINT WARNING * * *
You bump into the rock wall.
Ijyb hits you with a +0 club.
You die...

#..........#.###.##
#.###.##.#.#.#....#
#......#.#.#..# .
#######.#.#.#..###.. ..
............#....... .#
..#####....#..........#
............###....#
######..#######....#.
..........@g.........
##############.#..###
... ... #...# # ..##
..# .# .#


You could see Ijyb.

Vanquished Creatures
  Natasha (D:3)
  An adder (D:2)
  A worm (D:2)
  A dart slug (D:1)
  6 ball pythons
  2 bats (D:2)
  5 endoplasms
  2 giant cockroaches
  2 goblins (D:2)
  4 hobgoblins
  6 kobolds
  A quokka (D:3)
  4 frilled lizards
  3 rats
39 creatures vanquished.

Vanquished Creatures (others)
  47 foxfires
47 creatures vanquished.

Grand Total: 86 creatures vanquished

Notes
Turn   | Place    | Note
-------+----------+-------------------------------------------
     0 | D:1      | tilp the Naga Fire Elementalist began the quest for the
                  | Orb.
     0 | D:1      | Reached XP level 1. HP: 15/15 MP: 3/3
   277 | D:1      | Reached XP level 2. HP: 22/22 MP: 3/5
   354 | D:1      | Learned a level 2 spell: Scorch
   763 | D:1      | Found a faded altar of an unknown god.
  1393 | D:2      | Reached XP level 3. HP: 28/28 MP: 1/6
  2015 | D:2      | Found a shimmering altar of Xom.
  2390 | D:3      | Noticed Natasha
  2624 | D:3      | Killed Natasha
  2625 | D:3      | Reached XP level 4. HP: 36/36 MP: 3/8
  2802 | D:3      | Noticed Ijyb
  2829 | D:3      | Slain by Ijyb

Illustrated notes

Levels and vault maps discovered:
D:1:      giann_bridges, layout_basic, ebering_ecumenical_altar_petrified,
          chequers_serial_rivers_large_a
D:2:      layout_basic, basic_altar, item_on_display_a
D:3:      layout_basic, grunt_ministairs_2, minivault_24, uniq_ijyb,
          uniq_natasha

Skill      XL: |  1  2  3 |
---------------+----------+-----
Conjurations   | 2 |  2.4
Dodging        | |  1.5
Stealth        | |  3.0
Spellcasting   | |  2.9
Fire Magic     | |  3.7

Action                   |  1- 3 |  4- 6 || total
-------------------------+-------+-------++-------
Melee: Club              |     1 |       ||     1
       Spear             |     3 |     9 ||    12
       Short sword       |     3 |       ||     3
Throw: Dart              |     1 |       ||     1
 Cast: Foxfire           |    23 |     4 ||    27
       Scorch            |    27 |     6 ||    33
 Abil: Spit Poison       |     1 |     1 ||     2
  Use: Scroll            |     5 |       ||     5
 Stab: Sleeping          |     1 |       ||     1
Armor: Robe              |     4 |     3 ||     7
Dodge: Dodged            |     3 |     4 ||     7

Table legend: (Time is in decaauts)
 A = Elapsed time spent in this place.
 B = Non-inter-level travel time spent in this place.
 C = Inter-level travel time spent in this place.
 D = Time resting spent in this place.
 E = Time spent auto-exploring this place.
 F = Levels seen in this place.
 G = Mean time per level.
                   A        B        C        D        E       F      G
               +--------+--------+--------+--------+--------+-----+--------+
         Total |   3508 |   3445 |     63 |    344 |   2746 |   3 | 1169.3 |
       Dungeon |   3508 |   3445 |     63 |    344 |   2746 |   3 | 1169.3 |
               +--------+--------+--------+--------+--------+-----+--------+

Top non-repeatable levels by time:
     D:1: 1700 daAuts
     D:2: 1563 daAuts
     D:3: 244 daAuts
